 Dungeon Crawl Stone Soup version 0.20-a0-733-gf92fd71 (webtiles) character file.

58 Firecrotchwizard the Ruffian (level 3, -7/29 HPs)
             Began as a Centaur Transmuter on Feb 22, 2017.
             Mangled by Terence
             ... wielding a +0 trident
              (8 damage)
             ... on level 2 of the Dungeon.
             The game lasted 00:03:58 (1348 turns).

Firecrotchwizard the Ruffian (Centaur Transmuter)   Turns: 1348, Time: 00:03:59

Health: -7/29      AC:  4    Str: 12    XL:     3   Next: 75%
Magic:  5/5        EV:  9    Int: 13    God:
Gold:   43         SH:  0    Dex:  9    Spells: 4/5 levels left

rFire    . . .     SeeInvis .     - Unarmed
rCold    . . .     Gourm    .   b - +0 robe
rNeg     + . .     Faith    .   (no shield)
rPois    .         Spirit   .   (no helmet)
rElec    .         Reflect  .   (no cloak)
rCorr    .         Harm     .   (no gloves)
MR       .....                  (no barding)
Stlth    +.........             (no amulet)
Regen    0.1/turn               (no ring)
MPRegen  0.1/turn               k - ring of positive energy

@: very quick
A: hooves 3, deformed body, speed 2, tough skin 3
a: no special abilities


You were on level 2 of the Dungeon.
You were hungry.

You visited 1 branch of the dungeon, and saw 2 of its levels.

You collected 43 gold pieces.

Inventory:

Missiles
 a - 12 arrows
Armour
 b - a +0 robe (worn)
Jewellery
 k - a ring of positive energy (left hand)
Scrolls
 e - 2 scrolls of random uselessness {unknown}
 f - a scroll of recharging {unknown}
 g - a scroll of remove curse {unknown}
 h - a scroll of enchant armour {unknown}
 l - a scroll of identify {unknown}
Potions
 j - a potion of flight {unknown}
Books
 c - a book of Changes

   Spells                             Type                      Level
   a - Beastly Appendage              Transmutation                1
   b - Sticks to Snakes               Transmutation                2
   c - Spider Form                    Transmutation/Poison         3
   d - Ice Form                       Ice/Transmutation            4
   e - Blade Hands                    Transmutation                5
Comestibles
 d - 2 bread rations
 i - a meat ration


   Skills:
 - Level 2.0 Fighting
 - Level 1.3 Dodging
 * Level 3.8 Unarmed Combat
 - Level 1.5 Spellcasting
 - Level 2.5 Transmutations


You had 4 spell levels left.
You knew the following spells:

 Your Spells              Type           Power        Failure   Level  Hunger
a - Beastly Appendage     Tmut           #.....       12%         1    ##.....


Dungeon Overview and Level Annotations

Branches:
Dungeon (2/15)

Altars:

Annotations:
D:2 Terence


Innate Abilities, Weirdness & Mutations

You have hooves in place of feet.
Armour fits poorly on your strangely shaped body.
You cover ground very quickly.
You have extremely tough skin. (AC +3)


Message History

Terence hits you but does no damage.
You hit Terence but do no damage.
Terence is moderately wounded.
Terence barely misses you.
You hit Terence but do no damage. Your kick misses Terence.
Terence is moderately wounded.
Terence barely misses you.
You hit Terence. You kick Terence, but do no damage.
Terence is moderately wounded.
Terence hits you with a trident.
* * * LOW HITPOINT WARNING * * *
You hit Terence but do no damage. You kick Terence, but do no damage.
Terence is moderately wounded.
You are feeling hungry.
Terence hits you with a trident!
* * * LOW HITPOINT WARNING * * *
You hit Terence but do no damage.
Terence is moderately wounded.
Terence hits you with a trident!
You die...

##.......## ... . ... .....
.......%.. ..# #.#.# #...
##..!....# ##.###.#.#####.##
%..>.....####...##..†........
#.....†.........#.####...#
####.#####...##..........#
#.# ###.#####.####...#
#.####.g(......# #####
#....@@#.####### # ########.#
# #.# # ..# ###


You could see Terence and a hobgoblin.

Vanquished Creatures
  Jessica (D:2)
  A worm (D:1)
  A dart slug (D:2)
  2 leopard geckos
  3 giant cockroaches (D:1)
  3 goblins
  3 hobgoblins (D:1)
  3 kobolds
  3 bats
  A frilled lizard (D:1)
  4 rats (D:1)
25 creatures vanquished.

Notes
Turn   | Place    | Note
-------+----------+-------------------------------------------
     0 | D:1      | Firecrotchwizard the Centaur Transmuter began the quest for the Orb.
     0 | D:1      | Reached XP level 1. HP: 16/16 MP: 3/3
   264 | D:1      | Reached XP level 2. HP: 21/23 MP: 4/4
  1228 | D:2      | Noticed Jessica
  1240 | D:2      | Killed Jessica
  1240 | D:2      | Reached XP level 3. HP: 25/29 MP: 3/5
  1312 | D:2      | Noticed Terence
  1347 | D:2      | HP: 1/29 [Terence/trident (7)]
  1348 | D:2      | Mangled by Terence

Vault maps used:
D:1:      dpeg_arrival_circle_labyrinth_c
D:2:      uniq_iyjb, uniq_terence, uniq_jessica

Skill      XL: |  1  2 |
---------------+-------+-----
Transmutations | 2 |  2.5
Fighting       | 2 |  2.0
Dodging        | |  1.3
Unarmed Combat | |  3.8
Spellcasting   | |  1.5

Action                   || total
-------------------------++-------
Melee: Unarmed           ||    99
       Kick              ||    16
       Punch             ||     1
       Headbutt          ||     1
 Cast: Beastly Appendage ||     1
Armor: Robe              ||    25
Dodge: Dodged            ||    41
